 Dungeon Sprint DCSS version 0.25.1-1-g288607f5aa (webtiles) character file.

Game seed: 11398435472712080478

283910 jt the Grim Reaper (level 13, 123/123 HPs)
             Began as a Formicid Fighter on July 28, 2020.
             Was the Champion of Yredelemnul.
             Escaped with the Orb!
             The game lasted 00:38:30 (5329 turns).

jt the Grim Reaper (Formicid Fighter)               Turns: 5329, Time: 00:38:30

Health: 123/123    AC: 43    Str: 24      XL:     13   Next: 84%
Magic:  26/26      EV: 10    Int: 10      God:    Yredelemnul [******]
Gold:   27         SH: 21    Dex:  8 (10) Spells: 8/12 levels left

rFire    + . .     SeeInvis +   a - +4 demon trident (drain)
rCold    . . .     Gourm    .   g - +1 tower shield
rNeg     . . .     Faith    .   j - +15 Maxwell's patent armour {-Cast -Tele rElec MR+ rCorr}
rPois    +         Spirit   .   (helmet unavailable)
rElec    +         Reflect  .   c - +4 dragonskin cloak
rCorr    +         Harm     .   Q - +2 pair of gloves
MR       ++...     NoCast   +   Z - +2 pair of boots
Stlth    ..........             (no amulet)
HPRegen  0.30/turn              r - ring of poison resistance
MPRegen  0.20/turn              M - ring of Shadows {Umbra +Inv Stlth+}

@: wreathed by umbra
A: permanent stasis, dig shafts and tunnels, four strong arms, antennae 3,
deterioration 2, sense surroundings 1
0: Orb of Zot
a: Dig, Recall Undead Slaves, Injury Mirror, Animate Dead, Drain Life, Enslave
Soul, Renounce Religion, Evoke Invisibility


You escaped.
You worshipped Yredelemnul.
Yredelemnul was exalted by your worship.
You were not hungry.

You visited 1 branch You collected 5881 gold pieces.
You spent 5854 gold pieces at shops.

Inventory:

Hand Weapons
 a - a +4 demon trident of draining (weapon)
 f - a +0 trident
 m - a +2 short sword of distortion
 t - a +1 fustibalus of freezing
 D - a +0 shortbow
 I - a +2 mace of draining
 K - the +9 hand crossbow of Lenyutuidi {elec, +Inv rC- Str+3 Int+5}
   (You found it in the Dungeon)

   It charges the ammunition it shoots with electricity; occasionally upon a
   hit, such missiles may discharge and cause terrible harm.
   It affects your strength (+3).
   It affects your intelligence (+5).
   It makes you vulnerable to cold.
   It lets you turn invisible.
 O - the +3 dagger of Orraown {pain, rElec rC+ Dex-2}
   (You found it in the Dungeon)

   In the hands of one skilled in necromantic magic, it inflicts extra damage on
   living creatures.
   It affects your dexterity (-2).
   It protects you from cold.
   It insulates you from electricity.
Missiles
 p - 3 curare-tipped darts (quivered)
 q - 21 bolts
 E - 75 arrows
 G - 3 stones
 S - 5 javelins
Armour
 c - the +4 dragonskin cloak (worn)
   (You took it off Tiamat in the Dungeon)
 g - a +1 tower shield (worn)
 j - the +15 Maxwell's patent armour (worn) {-Cast -Tele rElec MR+ rCorr}
   (You bought it in a shop in the Dungeon)

   It insulates you from electricity.
   It affects your resistance to hostile enchantments.
   It prevents spellcasting.
   It prevents most forms of teleportation.
   It provides partial protection from all sources of acid and corrosion.
 o - a scarf of repulsion
 Q - a +2 pair of gloves (worn)
 Z - a +2 pair of boots (worn)
Magical Staves
 J - an uncursed staff of fire
 U - an uncursed staff of earth
 V - an uncursed staff of air
 X - an uncursed staff of wizardry
Jewellery
 b - an uncursed ring of wizardry
 r - a ring of poison resistance (left hand)
 M - the ring of Shadows (right hand) {Umbra +Inv Stlth+}
   (You found it in the Dungeon)

   [ring of stealth]

   It lets you turn invisible.
   It makes you more stealthy.
 N - the ring "Dexisaim" {MP+9 Dex+4}
   (You found it in the Dungeon)

   [ring of magical power]

   It affects your dexterity (+4).
   It affects your magic capacity (+9).
 W - an uncursed ring of fire
Wands
 n - a wand of polymorph (5)
 x - a wand of digging (4)
 H - a wand of acid (1)
Scrolls
 s - a scroll of summoning
 v - 3 scrolls of remove curse
 w - a scroll of identify
 A - 4 scrolls of fear
 C - 2 scrolls of immolation
 F - 3 scrolls of fog
Potions
 e - 5 potions of curing
 h - 3 potions of heal wounds
 i - a potion of magic
 k - a potion of might
 Y - a potion of cancellation
Comestibles
 R - 2 rations


   Skills:
 + Level 18.3 Fighting
 - Level 14.0 Polearms
 - Level 6.0 Throwing
 - Level 12.2 Armour
 + Level 7.0 Dodging
 + Level 14.7 Shields
 + Level 19.0 Invocations
 - Level 12.2 Evocations


You had 8 spell levels left.
You knew the following spells:

 Your Spells              Type           Power        Failure   Level  Hunger
a - Ice Form              Ice/Tmut       #.......     100%        4    #####..

Your spell library contained the following spells:

 Spells                   Type           Power        Failure   Level  Hunger
 Beastly Appendage        Tmut           #.....       98%         1    ##.....
 Foxfire                  Conj/Fire      #...         98%         1    ##.....
 Sticks to Snakes         Tmut           #.......     99%         2    ###....
 Spider Form              Tmut/Pois      #.........   100%        3    ####...
 Cause Fear               Hex            #.........   100%        4    #####..
 Blade Hands              Tmut           #.........   100%        5    ######.
 Dragon Form              Tmut           #.........   100%        7    #######
 Dragon's Call            Summ           #.........   100%        9    #######


Dungeon Overview and Level Annotations

Branches:
Dungeon (1/1)

Altars:
Cheibriados
Dithmenos
Elyvilon
Fedhas
Gozag
Hepliaklqana
Kikubaaqudgha
Makhleb
Nemelex Xobeh
Okawaru
Qazlal
Ru
Sif Muna
Trog
Uskayaw
Vehumet
Wu Jian
Xom
Yredelemnul
Zin
The Shining One
Jiyva
Lugonu

Shops:
D =%:[?(*?*}:(%*%?}%[[%*


Innate Abilities, Weirdness & Mutations

You cannot be hasted, slowed, berserked, paralysed or teleported.
You can dig through walls and to a lower floor.
Your four strong arms can wield two-handed weapons with a shield.
You have a pair of large antennae on your head. (SInv)
Your body often deteriorates upon taking damage.
You passively map a small area around you.


Message History

You remove your ring of wizardry.
r - a ring of poison resistance (left hand)
There is an open door, spattered with blood here.
There is an open door here.
There is an open door, spattered with blood here.
Things that are here:
a +0 dagger; a +0 robe
There is an open door here.
There is an open door here.
There is an open door here.
There is an open door here.
Things that are here:
a +0 scythe; a +0 robe
There is an open door here.
There is an open door here.
You see here a +0 giant spiked club.
You see here a cursed +0 leather armour.
There is an open door here.
There is a staircase leading out of the dungeon here.
You have escaped!

##################
#@D#{.)..#..'z.#__
#..z[z#{.z{.#..z{z
#..#####'#####'#__
#..####..#,,,#.###
#..#__##.#,,##.#≈≈
#..#_____##+#_§§≈§
#⌠⌠#_.∩...'.§._#§§
###._.[__##_.#'##+
#..#_____###'#...W


You could see a friendly bone dragon, a friendly skeletal warrior and a friendly
flying skull.

Vanquished Creatures
  A deep elf master archer (D)
  2 fire giants (D)
  A hydra (D)
  2 centaur warriors (D)
  4 unseen horrors (D)
  A deep troll (D)
  A lindwurm (D)
  A demonic crawler (D)
  2 kobold demonologists (D)
  A slime creature (D)
  Sigmund (D)
  2 redbacks (D)
  A yak (D)
  3 hogs (D)
  A water moccasin (D)
  2 floating eyes (D)
  4 necrophages (D)
  An ogre (D)
  6 jellies (D)
  Ijyb (D)
38 creatures vanquished.

Vanquished Creatures (collateral kills)
  Tiamat (D)
  the Lernaean hydra (D)
  A golden dragon (D)
  A shadow dragon (D)
  A daeva (D)
  A fire giant (D)
  A deep elf annihilator (D)
  A lorocyproca (D)
  A mummy priest (D)
  3 unseen horrors (D)
  2 oklob plants (D)
  8 shining eyes (D)
  2 merfolk sirens (D)
  2 gargoyles (D)
  3 demonic crawlers (D)
  A hellwing (D)
  5 hornets (D)
  A meliai (D)
  10 hogs (D)
  5 floating eyes (D)
  3 necrophages (D)
  2 jellies (D)
56 creatures vanquished.

Vanquished Creatures (others)
  2 bone dragons (D)
  A fire giant (D)
  A vampire knight (D)
  A skeletal warrior (D)
  A phantasmal warrior (D)
  3 flayed ghosts (D)
  A redback zombie (D)
  A meliai zombie (D)
  15 flying skulls (D)
  2 wraiths (D)
  A hog zombie (D)
  A hog skeleton (D)
  2 wights (D)
  A kobold zombie (D)
  5 necrophage skeletons (D)
  2 ballistomycete spores (D)
40 creatures vanquished.

Grand Total: 134 creatures vanquished

Notes
Turn   | Place    | Note
-------+----------+-------------------------------------------
     0 | D        | jt the Formicid Fighter began the quest for the Orb.
     0 | D        | Reached XP level 1. HP: 18/18 MP: 1/1
     2 | D        | Noticed Ijyb
    18 | D        | Killed Ijyb
    18 | D        | Reached XP level 2. HP: 21/24 MP: 2/2
    18 | D        | Reached XP level 3. HP: 26/29 MP: 3/3
    51 | D        | Noticed an ogre
    53 | D        | Killed an ogre
    53 | D        | Reached XP level 4. HP: 35/35 MP: 4/4
    53 | D        | Reached XP level 5. HP: 41/41 MP: 5/5
    61 | D        | Found a stormy altar of Qazlal.
    61 | D        | Found a blossoming altar of Fedhas.
    61 | D        | Found a bloodstained altar of Trog.
    61 | D        | Found an iron altar of Okawaru.
    61 | D        | Found a glowing golden altar of the Shining One.
    61 | D        | Found Anuzatao's Armour Emporium.
    61 | D        | Found an ancient bone altar of Kikubaaqudgha.
    61 | D        | Found a hazy altar of Hepliaklqana.
    61 | D        | Found a hide-covered altar of Uskayaw.
    61 | D        | Found a basalt altar of Yredelemnul.
    61 | D        | Found a sparkling altar of Nemelex Xobeh.
    61 | D        | Found an opulent altar of Gozag.
    61 | D        | Found a snail-covered altar of Cheibriados.
    61 | D        | Found a sacrificial altar of Ru.
    61 | D        | Found a shadowy altar of Dithmenos.
    61 | D        | Noticed a yak
    64 | D        | Killed a yak
    64 | D        | Reached skill level 10 in Polearms
    64 | D        | Reached XP level 6. HP: 33/47 MP: 6/6
    67 | D        | Noticed Sigmund
    74 | D        | Killed Sigmund
    74 | D        | Reached XP level 7. HP: 38/52 MP: 7/7
    78 | D        | Found a glowing silver altar of Zin.
    78 | D        | Found a white marble altar of Elyvilon.
   155 | D        | Became a worshipper of Yredelemnul the Dark
   175 | D        | Found a shimmering blue altar of Sif Muna.
   176 | D        | Found an ornate altar of the Wu Jian Council.
   177 | D        | Found a radiant altar of Vehumet.
   203 | D        | Found Soujifil's Armour Emporium.
   225 | D        | Bought a scarf of repulsion for 120 gold pieces
   241 | D        | Found a viscous altar of Jiyva.
   241 | D        | Found a corrupted altar of Lugonu.
   241 | D        | Noticed a slime creature
   242 | D        | Found a burning altar of Makhleb.
   242 | D        | Found a shimmering altar of Xom.
   253 | D        | Killed a slime creature
   298 | D        | Bought a +2 chain mail of magic resistance for 215 gold
                  | pieces
   514 | D        | Noticed Sonja
   516 | D        | Noticed Sonja
   516 | D        | Sonja changed into Sonja the water moccasin
   525 | D        | Killed Sonja the water moccasin
   525 | D        | Reached * piety under Yredelemnul
   525 | D        | Reached skill level 5 in Fighting
   525 | D        | Reached XP level 8. HP: 34/62 MP: 8/8
   583 | D        | Found Fene's Jewellery Boutique.
   828 | D        | Noticed a deep troll
   844 | D        | Killed a deep troll
   844 | D        | Reached skill level 4 in Invocations
   866 | D        | Noticed an unseen horror
   866 | D        | Noticed an unseen horror
   885 | D        | Killed an unseen horror
   885 | D        | Reached skill level 5 in Throwing
   885 | D        | Reached skill level 6 in Invocations
   885 | D        | Reached skill level 5 in Evocations
   885 | D        | Reached XP level 9. HP: 31/74 MP: 11/13
   895 | D        | Killed an unseen horror
   895 | D        | Reached ** piety under Yredelemnul
   895 | D        | Reached skill level 7 in Invocations
   929 | D        | Bought an uncursed ring of poison resistance for 280 gold
                  | pieces
  1148 | D        | Reached skill level 8 in Invocations
  1185 | D        | Reached skill level 10 in Fighting
  1185 | D        | Reached skill level 9 in Invocations
  1189 | D        | Reached *** piety under Yredelemnul
  1190 | D        | Reached XP level 10. HP: 76/85 MP: 16/16
  1200 | D        | Received a gift from Yredelemnul (2 flying skulls)
  1204 | D        | Reached **** piety under Yredelemnul
  1205 | D        | Received a gift from Yredelemnul (2 flying skulls)
  1219 | D        | Reached ***** piety under Yredelemnul
  1220 | D        | Received a gift from Yredelemnul (5 flying skulls)
  1220 | D        | Received a gift from Yredelemnul (5 flying skulls)
  1220 | D        | Received a gift from Yredelemnul (3 flying skulls)
  1220 | D        | Received a gift from Yredelemnul (a wight)
  1245 | D        | Found Ejurox's Magic Scroll Shoppe.
  1245 | D        | Found Ihaara's Assorted Antiques.
  1245 | D        | Found Tokk's Assorted Antiques.
  1247 | D        | Found Voimoh's Gadget Emporium.
  1247 | D        | Found Dezex's Book Shop.
  1247 | D        | Found Kiff's Weapon Shoppe.
  1247 | D        | Found Wuiwakk's Food Boutique.
  1247 | D        | Found Koosm's Assorted Antiques.
  1247 | D        | Found Feiriqupn's Food Shop.
  1247 | D        | Found Ofyo's Magic Scroll Shoppe.
  1250 | D        | Found Zuptuped's Gadget Boutique.
  1251 | D        | Found Wuyx's Armour Emporium.
  1251 | D        | Found Nelocut's Food Boutique.
  1252 | D        | Found Munlalob's Food Emporium.
  1283 | D        | Noticed a shining eye
  1283 | D        | Noticed a shining eye
  1283 | D        | Noticed a shining eye
  1283 | D        | Gained mutation: Your body sometimes deteriorates upon
                  | taking damage. [a shining eye]
  1284 | D        | Noticed a shining eye
  1288 | D        | Killed a shining eye
  1288 | D        | Reached skill level 10 in Invocations
  1292 | D        | Noticed a shining eye
  1296 | D        | Killed a shining eye
  1296 | D        | Reached skill level 10 in Evocations
  1298 | D        | Received a gift from Yredelemnul (a phantasmal warrior)
  1298 | D        | Killed a shining eye
  1299 | D        | Received a gift from Yredelemnul (a wight)
  1302 | D        | Killed a shining eye
  1302 | D        | Reached skill level 11 in Invocations
  1303 | D        | Noticed a shining eye
  1308 | D        | Killed a shining eye
  1309 | D        | Received a gift from Yredelemnul (a wraith)
  1309 | D        | Received a gift from Yredelemnul (a wraith)
  1311 | D        | Noticed a shining eye
  1311 | D        | Noticed a shining eye
  1311 | D        | Gained mutation: Scrolls take you a little longer to read.
                  | [a shining eye]
  1311 | D        | Killed a shining eye
  1316 | D        | Killed a shining eye
  1317 | D        | Received a gift from Yredelemnul (a flayed ghost)
  1319 | D        | Killed a shining eye
  1329 | D        | Found Aguc's Food Shoppe.
  1329 | D        | Found Zieredun's Book Emporium.
  1330 | D        | Found Migeaxag's Magic Scroll Shop.
  1330 | D        | Found Vaifiu's Weapon Boutique.
  1380 | D        | Bought a scroll labeled XAEFOCWERR for 25 gold pieces
  1380 | D        | Bought a wooden wand for 100 gold pieces
  1380 | D        | Bought a scroll labeled XAEFOCWERR for 25 gold pieces
  1380 | D        | Bought a scroll labeled JAMOTR NEDGH for 25 gold pieces
  1386 | D        | Bought a scroll labeled BULIAF NUXUM for 26 gold pieces
  1386 | D        | Bought a viscous dark potion for 23 gold pieces
  1386 | D        | Bought a scroll labeled ZEBAN XOCWUHOFA for 26 gold pieces
  1386 | D        | Bought a sedimented yellow potion for 23 gold pieces
  1394 | D        | Bought a scroll of remove curse for 30 gold pieces
  1394 | D        | Bought a scroll of identify for 20 gold pieces
  1415 | D        | Noticed a centaur warrior
  1415 | D        | Noticed a centaur warrior
  1427 | D        | Killed a centaur warrior
  1427 | D        | Reached ****** piety under Yredelemnul
  1427 | D        | Reached skill level 12 in Invocations
  1427 | D        | Reached XP level 11. HP: 76/96 MP: 18/20
  1427 | D        | Received a gift from Yredelemnul (a phantasmal warrior)
  1428 | D        | Killed a centaur warrior
  1459 | D        | Received a gift from Yredelemnul (a flayed ghost)
  1649 | D        | Noticed an oklob plant
  1658 | D        | Killed an oklob plant
  1658 | D        | Reached skill level 13 in Invocations
  1697 | D        | Noticed a sun demon
  1705 | D        | Received a gift from Yredelemnul (a wraith)
  1719 | D        | Reached skill level 5 in Armour
  1719 | D        | Received a gift from Yredelemnul (a flayed ghost)
  1734 | D        | Received a gift from Yredelemnul (a wraith)
  1933 | D        | Noticed a lindwurm
  1937 | D        | Killed a lindwurm
  1937 | D        | Reached skill level 14 in Invocations
  1970 | D        | Received a gift from Yredelemnul (a skeletal warrior)
  1987 | D        | Received a gift from Yredelemnul (a bone dragon)
  1996 | D        | Received a gift from Yredelemnul (a ghoul)
  2022 | D        | Noticed a daeva
  2025 | D        | Noticed an unseen horror
  2025 | D        | Noticed an unseen horror
  2025 | D        | Noticed an unseen horror
  2031 | D        | Killed an unseen horror
  2031 | D        | Killed an unseen horror
  2032 | D        | Received a gift from Yredelemnul (a skeletal warrior)
  2032 | D        | Received a gift from Yredelemnul (a bone dragon)
  2034 | D        | Killed an unseen horror
  2034 | D        | Reached skill level 15 in Invocations
  2037 | D        | Killed an unseen horror
  2037 | D        | Reached XP level 12. HP: 54/108 MP: 23/23
  2041 | D        | Noticed an unseen horror
  2047 | D        | Killed an unseen horror
  2047 | D        | Reached skill level 15 in Fighting
  2056 | D        | Killed a daeva
  2057 | D        | Received a gift from Yredelemnul (a vampire knight)
  2346 | D        | Noticed a lorocyproca
  2384 | D        | Killed a lorocyproca
  2384 | D        | Reached skill level 10 in Armour
  2879 | D        | Bought a wand of acid (4) for 208 gold pieces
  2927 | D        | Noticed a 12-headed hydra
  2928 | D        | Reached skill level 16 in Invocations
  2934 | D        | Killed a 12-headed hydra
  2934 | D        | Reached skill level 10 in Shields
  2934 | D        | Received a gift from Yredelemnul (a ghoul)
  3205 | D        | Noticed a deep elf annihilator
  3210 | D        | Received a gift from Yredelemnul (a ghoul)
  3211 | D        | Received a gift from Yredelemnul (a skeletal warrior)
  3213 | D        | Received a gift from Yredelemnul (a bone dragon)
  3218 | D        | Killed a deep elf annihilator
  3220 | D        | Received a gift from Yredelemnul (a vampire knight)
  3225 | D        | Noticed a mummy priest
  3230 | D        | Killed a mummy priest
  3247 | D        | Noticed the 27-headed Lernaean hydra
  3250 | D        | Killed the 27-headed Lernaean hydra
  3250 | D        | Reached skill level 17 in Invocations
  3282 | D        | Noticed a deep elf master archer
  3290 | D        | Killed a deep elf master archer
  3290 | D        | Reached XP level 13. HP: 105/119 MP: 25/25
  3330 | D        | Got an encrusted hand crossbow
  3340 | D        | Identified the +9 hand crossbow of Lenyutuidi {elec, +Inv
                  | rC- Str+3 Int+5} (You found it in the Dungeon)
  3341 | D        | Found the ring of Shadows {Umbra +Inv Stlth+}
  3345 | D        | Got a smoking silver ring
  3349 | D        | Got a steaming dagger
  3353 | D        | Identified the ring "Dexisaim" {MP+9 Dex+4} (You found it
                  | in the Dungeon)
  3356 | D        | Identified the +3 dagger of Orraown {pain, rElec rC+ Dex-2}
                  | (You found it in the Dungeon)
  3667 | D        | Noticed a shadow dragon
  3667 | D        | Noticed a golden dragon
  3673 | D        | Killed a shadow dragon
  3673 | D        | Reached skill level 1 in Dodging
  3677 | D        | Killed a golden dragon
  3678 | D        | Received a gift from Yredelemnul (a skeletal warrior)
  3739 | D        | Found Paluti's General Store.
  3857 | D        | Noticed a fire giant
  3860 | D        | Noticed a fire giant
  3861 | D        | Noticed a fire giant
  3862 | D        | Noticed a fire giant
  3863 | D        | Killed a fire giant
  3871 | D        | Killed a fire giant
  3871 | D        | Reached skill level 18 in Invocations
  3876 | D        | Killed a fire giant
  3879 | D        | Killed a fire giant
  3879 | D        | Reached skill level 5 in Dodging
  3880 | D        | Received a gift from Yredelemnul (a vampire knight)
  3975 | D        | Identified the +4 dragonskin cloak
  3975 | D        | Noticed Tiamat
  4060 | D        | Bought the +15 Maxwell's patent armour {-Cast -Tele rElec
                  | MR+ rCorr} for 2685 gold pieces
  4060 | D        | Found the +15 Maxwell's patent armour {-Cast -Tele rElec
                  | MR+ rCorr}
  4070 | D        | Bought a potion of heal wounds for 125 gold pieces
  4070 | D        | Bought a potion of might for 100 gold pieces
  4075 | D        | Bought a scroll labeled ZEBAN XOCWUHOFA for 26 gold pieces
  4075 | D        | Bought a scroll labeled JAMOTR NEDGH for 26 gold pieces
  4075 | D        | Bought a scroll labeled ENECIOSICI for 26 gold pieces
  4075 | D        | Bought a scroll labeled ZEBAN XOCWUHOFA for 26 gold pieces
  4075 | D        | Bought a potion of heal wounds for 130 gold pieces
  4075 | D        | Bought a scroll of identify for 52 gold pieces
  4381 | D        | Bought a scroll of fog for 24 gold pieces
  4381 | D        | Bought a scroll of identify for 24 gold pieces
  4381 | D        | Bought a potion of cancellation for 96 gold pieces
  4381 | D        | Bought a scroll of random uselessness for 12 gold pieces
  4384 | D        | Bought a +0 pair of gloves for 54 gold pieces
  4465 | D        | Bought a +2 pair of boots for 198 gold pieces
  4472 | D        | Bought a scroll of magic mapping for 35 gold pieces
  4475 | D        | Bought a scroll of fear for 35 gold pieces
  4475 | D        | Bought a scroll of immolation for 35 gold pieces
  4475 | D        | Bought a scroll of amnesia for 35 gold pieces
  4482 | D        | Bought a scroll of enchant weapon for 90 gold pieces
  4496 | D        | Bought a potion of might for 104 gold pieces
  4571 | D        | Lost mutation: Your body sometimes deteriorates upon taking
                  | damage. [potion of mutation]
  4571 | D        | Lost mutation: Scrolls take you a little longer to read.
                  | [potion of mutation]
  4571 | D        | Gained mutation: Your body sometimes deteriorates upon
                  | taking damage. [potion of mutation]
  4571 | D        | Gained mutation: Your body often deteriorates upon taking
                  | damage. [potion of mutation]
  4571 | D        | Gained mutation: You passively map a small area around you.
                  | [potion of mutation]
  4603 | D        | Killed Tiamat
  4603 | D        | Reached skill level 19 in Invocations
  4700 | D        | Bought a book of Changes for 350 gold pieces
  4705 | D        | Learned a level 4 spell: Ice Form
  4850 | D        | Bought an uncursed ring of wizardry for 420 gold pieces
  5253 | D        | Got the Orb of Zot
  5329 | D        | Escaped with the Orb!

Illustrated notes

Levels and vault maps discovered:
D:        dungeon_sprint_1 [red_sonja_temple_1, red_sonja_temple_small_1]

Skill      XL: |  1  2  3  4  5  6  7  8  9 10 11 12 13 |
---------------+----------------------------------------+-----
Polearms       | 4 6 10 12 14 | 14.0
Shields        | 6 8 9 12 14 | 14.7
Fighting       | 5 8 10 12 14 16 18 | 18.3
Throwing       | 5 6 |  6.0
Invocations    | 6 9 12 15 17 19 | 19.0
Evocations     | 5 8 11 12 | 12.2
Armour         | 8 12 | 12.2
Dodging        | 7 |  7.0

Action                   |  1- 3 |  4- 6 |  7- 9 | 10-12 | 13-15 || total
-------------------------+-------+-------+-------+-------+-------++-------
Melee: Trident           |    18 |    10 |    82 |   180 |     8 ||   298
       Dagger            |       |       |       |       |     4 ||     4
 Fire: Fustibalus        |       |       |       |     2 |       ||     2
Throw: Dart              |       |       |     4 |     1 |     3 ||     8
 Cast: Ice Form          |       |       |       |       |     1 ||     1
Invok: Animate Remains   |       |       |     1 |       |       ||     1
       Animate Dead      |       |       |       |     7 |     3 ||    10
       Drain Life        |       |       |       |     1 |     8 ||     9
       Recall Undead Sla |       |       |       |       |     5 ||     5
 Abil: Dig               |       |     1 |     4 |     6 |     1 ||    12
Evoke: Wand              |       |       |     4 |     8 |     7 ||    19
  Use: Potion            |     1 |       |       |     1 |     6 ||     8
       Scroll            |       |       |       |       |    13 ||    13
 Stab: Distracted        |       |       |       |     4 |       ||     4
  Eat: Ration            |       |       |     1 |     2 |     4 ||     7
       Chunk             |       |       |       |       |     1 ||     1
Armor: Scale mail        |     7 |     2 |     1 |       |     3 ||    13
       Chain mail        |       |       |    16 |    37 |       ||    53
       Plate armour      |       |       |       |       |     7 ||     7
Dodge: Dodged            |     4 |     2 |    17 |    27 |     4 ||    54
       Repelled          |       |       |       |     1 |       ||     1
Block: Kite shield       |     5 |       |    31 |    48 |       ||    84
       Tower shield      |       |       |       |    28 |     8 ||    36
